AoeStats
← Galo.

Marketplace

505339042Analyzed
1v1 RM · 23d ago on Sep 8, 2026· 52m 52s· 2 players
Game mode
Random Map
Map size
Tiny (2 player)
Population
200
Speed
Normal
Resources
Standard
Victory
Conquest
Starting age
Dark Age
Ending age
Imperial Age
RankedLock teamsTeams togetherTeam positionsShared explorationLock speedFull tech treeHidden civsTurbo modeCheats
Victory
Defeat
🇦🇷 Britons · Argentina
427
+14
🇧🇷 Portuguese · Brazil
391
-14
Brmaicon85
4:14 Loom
11:06 Feudal Age
11:37 Double-Bit Axe
11:34 Horse Collar
11:50 Town Watch
14:51 Wheelbarrow
20:55 Gold Mining
24:45 Castle Age
23:44 Stone Mining
24:10 Forging
24:01 Scale Mail Armor
24:08 Scale Barding Armor
24:07 Padded Archer Armor
23:58 Fletching
25:29 Caravan
25:48 Hand Cart
25:36 Heavy Plow
25:52 Bow Saw
26:24 Stone Shaft Mining
26:51 Town Patrol
31:10 Pikeman
42:30 Chain Mail Armor
42:37 Chain Barding Armor
42:26 Man-at-Arms
42:52 Gambesons
44:14 Husbandry
46:06 Iron Casting
45:33 Long Swordsman
51:28 Imperial Age
Galo.
10:11 Loom
12:08 Feudal Age
14:33 Double-Bit Axe
14:30 Horse Collar
19:21 Wheelbarrow
23:07 Castle Age
22:34 Forging
22:30 Scale Barding Armor
23:05 Scale Mail Armor
24:49 Husbandry
25:19 Gold Mining
35:09 Chain Barding Armor
35:25 Iron Casting
37:42 Gold Shaft Mining
37:20 Heavy Plow
40:22 Ballistics
40:08 Padded Archer Armor
39:59 Fletching
43:07 Imperial Age
41:51 Bow Saw
42:06 Leather Archer Armor
41:46 Bodkin Arrow
41:47 Heated Shot
41:38 Treadmill Crane
42:35 Hand Cart
43:14 Masonry
43:00 Murder Holes
43:49 Yeomen
43:36 Crossbowman
45:41 Chemistry
46:20 Arbalester
48:19 Ring Archer Armor
48:03 Bracer
49:08 Blast Furnace
48:32 Chain Mail Armor
48:35 Pikeman
48:56 Elite Skirmisher
50:26 Halberdier
Connection lost

Rejoining the realm…

Still unreachable

The connection could not be restored.

Session expired

The server has moved on; the page needs a fresh start.